 Dungeon Crawl Stone Soup version 0.30.0 (webtiles) character file.

Game seed: 12639136115439867538

163 PurpleRed the Magician (level 5, -6/48 HPs)
             Began as a Deep Elf Chaos Knight on Aug 29, 2023.
             Was a Plaything of Xom.
             Mangled by a wolf (shapeshifter) (9 damage)
             ... on level 3 of the Dungeon.
             The game lasted 00:09:16 (1327 turns).

PurpleRed the Magician (Deep Elf Chaos Knight)      Turns: 1327, Time: 00:09:16

Health: -6/48      AC:  7    Str: 13    XL:     5   Next: 20%
Magic:  13/13      EV: 11    Int: 18    God:    Xom [.....*]
Gold:   133        SH:  0    Dex: 13    Spells: 13/13 levels left

rFire   . . .        a - +0 short sword (chaos)
rCold   . . .        (no shield)
rNeg    . . .        h - +0 ring mail
rPois   .            (helmet restricted)
rElec   .            (no cloak)
rCorr   .            (no gloves)
SInv    .            e - +0 pair of boots
Will    .....        (no amulet) Stlth
                     (no ring)
HPRegen 0.28/turn    (no ring)
MPRegen 0.13/turn

%: clarity
@: berserking, lethally poisoned (-6 -> -10), flying, very quick
A: antennae 1, clarity, shaggy fur 1, strong 1
a: Renounce Religion


You were on level 3 of the Dungeon.
You worshipped Xom.
You were Xom's teddy bear.
You visited 1 branch of the dungeon, and saw 4 of its levels.

You collected 133 gold pieces.

Inventory:

Hand Weapons
 a - a +0 short sword of chaos (weapon)
 d - a +4 spear
 g - a +0 war axe
Missiles
 f - a throwing net
 j - 3 poisoned darts
Armour
 b - a +2 leather armour
 e - a +0 pair of boots (worn)
 h - a +0 ring mail (worn)
 m - a +0 robe
 o - a +1 robe of willpower
Scrolls
 k - a scroll of identify {unknown}
 l - a scroll of fog {unknown}
 q - a scroll of fear {unknown}
 r - a scroll of torment {unknown}
Miscellaneous
 c - a piece from Xom's chessboard (8/15) (quivered)


   Skills:
 + Level 3.1 Fighting
 - Level 3.0 Short Blades
 - Level 0.7 Armour
 - Level 2.4 Dodging
 * Level 4.5 Spellcasting
 + Level 2.5 Conjurations


You had 13 spell levels left.
You didn't know any spells.
Your spell library was empty.

Dungeon Overview and Level Annotations

Branches:
Dungeon (4/15)
 Temple: D:4-7

Altars:


Innate Abilities, Weirdness & Mutations

You have a pair of small antennae on your head.
You possess an exceptional clarity of mind.
You are covered in fur. (AC +1)
Your muscles are strong. (Str +4, Int/Dex -1)


Message History

* * * LOW HITPOINT WARNING * * *
You feel better. The meliai hits you but does no damage.
The meliai stings you but does no damage.
The meliai closely misses you. The meliai stings you.
You are lethally poisoned!
The meliai poisons you!
You feel better. The meliai hits you but does no damage. The meliai stings you.
The meliai hits you. The meliai stings you.
It was a potion of flight.
You feel very buoyant.
You fly up into the air.
The meliai hits you!
* * * LOW HITPOINT WARNING * * *
The meliai barely misses you. x3
It was a potion of berserk rage.
A red film seems to cover your vision as you go berserk!
You feel yourself moving faster!
You feel mighty!
Xom roars with laughter!
The meliai barely misses you. The meliai stings you.
* * * LOW HITPOINT WARNING * * *
You are poisoned.
The meliai poisons you! The meliai hits you.
* * * LOW HITPOINT WARNING * * *
The meliai stings you but does no damage.
You completely miss the meliai.
* * * LOW HITPOINT WARNING * * *
You feel sick.
The meliai changes into a wolf!
You puncture the wolf!
The wolf is moderately wounded.
* * * LOW HITPOINT WARNING * * *
You feel sick.
Xom opens a gate.
The wolf closely misses you.
You puncture the wolf! You burn the wolf.
The wolf is almost dead.
* * * LOW HITPOINT WARNING * * *
You feel sick. The wolf barely misses you.
You closely miss the wolf.
The wolf is almost dead.
The wolf bites you!
You die...

###### #....#
#.##.# ###
#5##.#########....
#@h.....[.........
#.#######......# #
#.# #...)..# # #.#
#......### #.#
#......... #.#
#......... #.#
######....
#########.# #....
#......##.# ....


You could see a wolf shaped shifter (ally target) and a friendly ufetubus
(summoned).

Vanquished Creatures
  An iguana (D:4)
  5 gnolls
  2 adders (D:3)
  3 worms
  A dart slug (D:1)
  4 orcs (D:3)
  4 endoplasms
  7 giant cockroaches
  10 goblins
  5 hobgoblins
  4 ball pythons
  5 bats
  3 kobolds
  3 rats
57 creatures vanquished.

Vanquished Creatures (others)
  A plant (D:2)
1 creature vanquished.

Grand Total: 58 creatures vanquished

Notes
Turn   | Place    | Note
-------+----------+-------------------------------------------
     0 | D:1      | PurpleRed the Deep Elf Chaos Knight began the quest for the
                  | Orb.
     0 | D:1      | Reached XP level 1. HP: 13/13 MP: 3/3
    16 | D:1      | XOM: silly message
    38 | D:2      | Reached skill level 1 in Spellcasting
   124 | D:2      | XOM: silly message
   130 | D:2      | Reached XP level 2. HP: 18/18 MP: 4/6
   226 | D:2      | XOM: butterfly on damage
   227 | D:2      | XOM: silly message
   230 | D:2      | XOM: potion effect (might)
   234 | D:2      | XOM: potion effect (might)
   247 | D:2      | XOM: potion effect (brilliance)
   266 | D:2      | XOM: fake destruction
   267 | D:2      | Reached skill level 2 in Spellcasting
   267 | D:2      | Reached skill level 1 in Conjurations
   269 | D:2      | Reached XP level 3. HP: 18/22 MP: 6/8
   274 | D:2      | Reached skill level 3 in Spellcasting
   472 | D:1      | Reached XP level 4. HP: 20/27 MP: 11/11
   622 | D:1      | XOM: blink monster(s)
   640 | D:1      | Found a faded altar of an unknown god.
   678 | D:1      | XOM: cloud trail
   742 | D:1      | XOM: 2-stop teleportation journey
   816 | D:2      | XOM: cloud trail
   947 | D:4      | Noticed an ogre
  1034 | D:3      | XOM: enchant monster (good)
  1042 | D:3      | Reached skill level 4 in Spellcasting
  1049 | D:3      | XOM: give mutations
  1049 | D:3      | Gained mutation: You possess an exceptional clarity of
                  | mind. [Xom's grace]
  1049 | D:3      | Gained mutation: Your muscles are strong. (Str +4, Int/Dex
                  | -1) [Xom's grace]
  1049 | D:3      | Gained mutation: You have a pair of small antennae on your
                  | head. [Xom's grace]
  1049 | D:3      | Gained mutation: You are covered in fur. (AC +1) [Xom's
                  | grace]
  1183 | D:4      | XOM: confuse monster(s)
  1196 | D:4      | Reached XP level 5. HP: 21/32 MP: 13/13
  1312 | D:4      | a rat changed into a shapeshifter
  1312 | D:4      | Noticed a shapeshifter (shapeshifter)
  1312 | D:4      | XOM: polymorph rat -> shapeshifter
  1312 | D:4      | a shapeshifter changed into a meliai
  1312 | D:4      | Noticed a meliai (shapeshifter)
  1324 | D:3      | a meliai changed into a wolf
  1324 | D:3      | Noticed a wolf (shapeshifter)
  1325 | D:3      | XOM: summons friendly ufetubus
  1327 | D:3      | Mangled by a wolf (shapeshifter)

Illustrated notes

Levels and vault maps discovered:
D:1:      scummos_arrival_checkerplants, layout_basic,
          shapermc_ecumenical_altar_acropolis
D:2:      layout_basic, serial_forest, infiniplex_forest_clump_cross,
          infiniplex_forest_lined_room_2, infiniplex_forest_lined_room_2,
          infiniplex_forest_lined_2, infiniplex_forest_lined_2,
          infiniplex_forest_lined_2, minmay_hedge_maze
D:3:      layout_basic
D:4:      layout_gridville, grunt_qazlal_clouds,
          mainiacjoe_overflow_tiny_flanked, dancing_weapons_uskayaw,
          lemuel_tele_altar, mainiacjoe_overflow_alcove_2,
          gup_sewer_entry_spiral, minmay_bisected

Skill      XL: |  1  2  3  4 |
---------------+-------------+-----
Spellcasting   | 1 2 3 4 |  4.5
Conjurations   | 1 2 |  2.5
Fighting       | 3 |  3.1
Short Blades   | |  3.0
Armour         | |  0.7
Dodging        | |  2.4

Action                     |  1- 3 |  4- 6 || total
---------------------------+-------+-------++-------
  Melee: Short sword       |    66 |   156 ||   222
         Punch             |       |     2 ||     2
  Evoke: Piece from Xom's  |     5 |     7 ||    12
    Use: Potion            |     1 |     4 ||     5
   Stab: Confused          |       |     2 ||     2
         Sleeping          |       |     1 ||     1
 Armour: Leather armour    |    13 |       ||    13
         Ring mail         |    13 |    50 ||    63
  Dodge: Dodged            |    52 |    75 ||   127
